 Dungeon Crawl Stone Soup version 0.24-a0-500-g46574c2 (webtiles) character file.

Game seed: 6735628209851263316

7621 robbits the Fighter (level 11, 0/92 HPs)
             Began as a Gnoll Wanderer on July 13, 2019.
             Was a Follower of Okawaru.
             Slain by a komodo dragon (15 damage)
             ... on level 1 of the Lair of Beasts on July 14, 2019.
             The game lasted 00:33:08 (9069 turns).

robbits the Fighter (Gnoll Wanderer)                Turns: 9069, Time: 00:33:08

Health: 0/92       AC:  7    Str: 12    XL:     11   Next: 18%
Magic:  13/19      EV: 20    Int: 19    God:    Okawaru [*.....]
Gold:   227        SH:  7    Dex: 16    Spells: 9/21 levels left

rFire    . . .     SeeInvis .   b - +2 rapier (freeze)
rCold    . . .     Gourm    .   D - +0 buckler
rNeg     + . .     Faith    .   m - +1 robe of the Monkey's Uncle {*Slow rPois rN+ Regen+}
rPois    +         Spirit   .   d - +0 helmet
rElec    .         Reflect  .   E - scarf {repulsion}
rCorr    .         Harm     .   h - +0 pair of gloves
MR       +....                  (no boots)
Stlth    +++++.....             e - amulet of regeneration
HPRegen  1.05/turn              B - ring of protection from magic
MPRegen  0.16/turn              v - ring of wizardry

@: confusing touch, heroism, repel missiles
A: distributed training, fangs 1, strong nose
a: Heroism, Renounce Religion


You were on level 1 of the Lair of Beasts.
You worshipped Okawaru.
Okawaru was aware of your devotion.
You were hungry.

You visited 3 branches of the dungeon, and saw 11 of its levels.

You collected 617 gold pieces.
You spent 390 gold pieces at shops.

Inventory:

Hand Weapons
 a - a +3 hand crossbow
 b - a +2 rapier of freezing (weapon)
 w - a +2 spear
Missiles
 y - 29 bolts
Armour
 d - a +0 helmet (worn)
 h - a +0 pair of gloves (worn)
 m - the +1 robe of the Monkey's Uncle (worn) {*Slow rPois rN+ Regen+}
   (You found it on level 4 of the Dungeon)

   It protects you from poison.
   It protects you from negative energy.
   It increases your rate of regeneration.
   It may slow you when you take damage.
 D - a +0 buckler (worn)
 E - a scarf of repulsion (worn)
Jewellery
 e - an amulet of regeneration (around neck)
 i - an uncursed ring of stealth
 o - an uncursed ring of fire
 t - a +3 ring of intelligence
 v - a ring of wizardry (right hand)
 B - a ring of protection from magic (left hand)
Wands
 k - a wand of polymorph (7)
 A - a wand of enslavement (6)
Scrolls
 c - 2 scrolls of remove curse
 l - 2 scrolls of teleportation
 p - 4 scrolls of amnesia
 q - 2 scrolls of enchant weapon
 C - a scroll of random uselessness
 G - a scroll of noise {unknown}
Potions
 g - 2 potions of flight
 j - 2 potions of cancellation
 n - 3 potions of resistance
 r - 2 potions of haste
 s - 2 potions of ambrosia {unknown}
 u - 2 potions of might
 x - a potion of mutation
 z - 2 potions of curing
 F - 2 potions of brilliance {unknown}
Comestibles
 f - 15 rations


   Skills:
 + Level 10.3(15.3) Fighting
 + Level 5.9(10.9) Short Blades
 + Level 5.9(10.9) Long Blades
 + Level 5.9(10.9) Axes
 + Level 6.5(11.5) Maces & Flails
 + Level 5.9(10.9) Polearms
 + Level 5.9(10.9) Staves
 + Level 5.9(10.9) Slings
 + Level 5.9(10.9) Bows
 + Level 7.6(12.6) Crossbows
 + Level 5.9(10.9) Throwing
 + Level 6.5(11.5) Armour
 + Level 5.9(10.9) Dodging
 + Level 6.4(11.4) Stealth
 + Level 5.9(10.9) Shields
 + Level 5.9(10.9) Unarmed Combat
 + Level 5.9 Spellcasting
 + Level 4.9 Conjurations
 + Level 4.9 Hexes
 + Level 4.9 Charms
 + Level 4.9 Summonings
 + Level 4.9 Necromancy
 + Level 4.9 Translocations
 + Level 4.9 Transmutations
 + Level 4.9 Fire Magic
 + Level 4.9 Ice Magic
 + Level 4.9 Air Magic
 + Level 4.9 Earth Magic
 + Level 4.9 Poison Magic
 + Level 6.5 Invocations
 + Level 6.5 Evocations


You had 9 spell levels left.
You knew the following spells:

 Your Spells              Type           Power        Failure   Level  Hunger
a - Confusing Touch       Hex            ###...       1%          1    None
b - Blink                 Tloc           N/A          1%          2    None
c - Mephitic Cloud        Conj/Pois/Air  ###.....     1%          3    ##.....
d - Conjure Flame         Conj/Fire      ###.....     1%          3    ##.....
e - Slow                  Hex            ###.....     1%          2    None
f - Magic Dart            Conj           ###.         1%          1    None

Your spell library contained the following spells:

 Spells                   Type           Power        Failure   Level  Hunger
 Animate Skeleton         Necr           N/A          1%          1    None
 Apportation              Tloc           ###...       1%          1    None
 Summon Small Mammal      Summ           ###.         1%          1    None
 Call Imp                 Summ           ###.....     1%          2    None
 Recall                   Summ/Tloc      N/A          1%          3    ##.....
 Animate Dead             Necr           N/A          6%          4    ####...
 Borgnjor's Vile Clutch   Necr/Erth      ###.......   16%         5    #####..
 Death Channel            Necr           ###.......   63%         6    #######
 Simulacrum               Ice/Necr       ###.......   63%         6    #######


Dungeon Overview and Level Annotations

Branches:
Dungeon (9/15)             Temple (1/1) D:7            Lair (1/6) D:9
    Orc: D:9-12

Altars:
Ashenzari
Cheibriados
Dithmenos
Elyvilon
Fedhas
Gozag
Hepliaklqana
Kikubaaqudgha
Makhleb
Nemelex Xobeh
Okawaru
Qazlal
Ru
Sif Muna
Trog
Uskayaw
Vehumet
Wu Jian
Xom
Yredelemnul
Zin
The Shining One

Shops:
D:6 =   D:8 =

Annotations:
D:3 2 transporters, StrangeLoop's ghost, amateur GrGl
D:7 2 runed translucent doors
D:9 3 runed translucent doors, ptrx2's ghost, novice MiBe


Innate Abilities, Weirdness & Mutations

Your experience applies equally to all skills.
You have very sharp teeth.
Your uncanny sense of smell can sniff out nearby items.


Message History

The komodo dragon barely misses you.
You gain the combat prowess of a mighty hero.
The komodo dragon is no longer moving slowly.
The komodo dragon bites you!!
* * * LOW HITPOINT WARNING * * *
You closely miss the komodo dragon.
You bite the komodo dragon, but do no damage.
The komodo dragon is lightly wounded.
You feel better.
The yak falls into the water!
The yak drowns.
Okawaru accepts your kill. The komodo dragon closely misses you.
You hit the komodo dragon but do no damage.
The komodo dragon is lightly wounded.
The komodo dragon bites you!
* * * LOW HITPOINT WARNING * * *
Casting: Mephitic Cloud (safe; 1% risk of failure)
Confirm with . or Enter, or press ? or * to list all spells.
Your hands begin to glow red.
The komodo dragon bites you!
You die...

#.. #.. #.. ##..
######### #... #.......#
#...##.......#
#......≈≈≈≈≈.#
###..@..≈≈≈≈≈)#
#......l..≈≈≈≈≈.#
#.##.#....≈≈≈≈≈.#
∆.....#..≈≈≈≈≈.####
#..#####..≈≈≈≈≈.##P#####
#. ##.≈≈≈≈≈......... #
#..≈≈≈≈≈.........
##.≈≈≈≈≈.###...#P
#..≈≈≈≈≈.# #...#


You could see a komodo dragon.

Vanquished Creatures
  3 two-headed ogres
  An ugly thing (D:9)
  A spiny frog (Lair:1)
  A kobold demonologist (D:7)
  A troll (D:8)
  The ghost of knot the Chopper, an amateur DsBe of Trog (D:5)
  Prince Ribbit (D:7)
  2 hippogriffs
  5 yaks
  A hungry ghost (D:9)
  A water moccasin (Lair:1)
  A porcupine (Lair:1)
  A sky beast (D:9)
  An ice beast (D:5)
  A black bear (D:8)
  2 orc warriors
  An eye of draining (D:7)
  A phantom (D:5)
  3 ogres
  A big kobold (D:9)
  3 bullfrogs
  A wyvern zombie (D:6)
  A scorpion (D:8)
  2 howler monkeys
  4 wights (D:7)
  An electric eel (Lair:1)
  3 crimson imps
  2 centaur zombies (D:9)
  6 hounds
  2 jellies
  6 orc priests
  A gnoll shaman (D:7)
  7 orc wizards
  A bullfrog skeleton (D:7)
  2 centaur skeletons
  An iguana (D:4)
  5 worker ants
  2 hound skeletons
  A hound zombie (D:6)
  A howler monkey skeleton (D:7)
  16 gnolls
  11 adders
  4 shadow imps
  2 oozes
  2 adder skeletons
  2 dart slugs
  7 leopard geckos
  27 orcs
  9 giant cockroaches
  6 goblins
  11 hobgoblins
  17 jackals
  15 kobolds
  6 quokkas
  8 bats
  5 frilled lizards
  A leopard gecko zombie (D:5)
  A quokka skeleton (D:7)
  7 rats
  A fungus (D:3)
240 creatures vanquished.

Vanquished Creatures (others)
  A hound (D:8)
  3 fungi
  2 plants (D:9)
  4 toadstools (D:3)
10 creatures vanquished.

Grand Total: 250 creatures vanquished

Notes
Turn   | Place    | Note
-------+----------+-------------------------------------------
     0 | D:1      | robbits the Gnoll Wanderer began the quest for the Orb.
     0 | D:1      | robbits set off with the following items: a +2 hand
                  | crossbow, 23 bolts, a potion of lignification, a potion of
                  | curing, a +0 robe, a ration
     0 | D:1      | Reached XP level 1. HP: 26/26 MP: 2/2
    83 | D:1      | Reached XP level 2. HP: 33/33 MP: 3/3
   235 | D:1      | Reached XP level 3. HP: 38/38 MP: 4/4
   336 | D:1      | Reached skill level 1 in Invocations
   494 | D:1      | Reached skill level 1 in Short Blades
   494 | D:1      | Reached skill level 1 in Long Blades
   494 | D:1      | Reached skill level 1 in Axes
   494 | D:1      | Reached skill level 1 in Polearms
   494 | D:1      | Reached skill level 1 in Staves
   494 | D:1      | Reached skill level 1 in Slings
   494 | D:1      | Reached skill level 1 in Bows
   494 | D:1      | Reached skill level 1 in Throwing
   494 | D:1      | Reached skill level 1 in Dodging
   494 | D:1      | Reached skill level 1 in Shields
   494 | D:1      | Reached skill level 1 in Unarmed Combat
   494 | D:1      | Reached skill level 1 in Spellcasting
   675 | D:2      | Reached XP level 4. HP: 45/45 MP: 6/6
  1099 | D:2      | Reached skill level 1 in Conjurations
  1099 | D:2      | Reached skill level 1 in Hexes
  1099 | D:2      | Reached skill level 1 in Charms
  1099 | D:2      | Reached skill level 1 in Summonings
  1099 | D:2      | Reached skill level 1 in Necromancy
  1099 | D:2      | Reached skill level 1 in Translocations
  1099 | D:2      | Reached skill level 1 in Transmutations
  1099 | D:2      | Reached skill level 1 in Fire Magic
  1099 | D:2      | Reached skill level 1 in Ice Magic
  1099 | D:2      | Reached skill level 1 in Air Magic
  1099 | D:2      | Reached skill level 1 in Earth Magic
  1099 | D:2      | Reached skill level 1 in Poison Magic
  1448 | D:3      | Reached XP level 5. HP: 37/51 MP: 7/7
  1565 | D:4      | Got a steaming robe
  1576 | D:4      | Identified the cursed +1 robe of the Monkey's Uncle {*Slow
                  | rPois rN+ Regen+} (You found it on level 4 of the Dungeon)
  1607 | D:4      | Reached XP level 6. HP: 48/57 MP: 8/8
  2091 | D:3      | Noticed StrangeLoop's ghost (amateur GrGl)
  2175 | D:3      | Found a transporter.
  2181 | D:3      | Reached skill level 5 in Crossbows
  2316 | D:3      | Found a transporter.
  2505 | D:4      | HP: 2/57 [iguana (6)]
  2776 | D:4      | Reached XP level 7. HP: 63/63 MP: 10/10
  3072 | D:4      | Upgraded the game from 0.24-a0-498-ge00f04a to
                  | 0.24-a0-500-g46574c2
  3091 | D:5      | Entered Level 5 of the Dungeon
  3455 | D:5      | Found a white marble altar of Elyvilon.
  3506 | D:5      | Reached skill level 9 in Fighting
  3579 | D:5      | Found a runed translucent gate.
  3579 | D:5      | Noticed knot's ghost (amateur DsBe)
  3647 | D:5      | Found a runed translucent gate.
  3647 | D:5      | Found a runed translucent gate.
  3844 | D:5      | Reached XP level 8. HP: 45/71 MP: 12/12
  4257 | D:5      | Found a bloodstained altar of Trog.
  4380 | D:5      | Killed knot's ghost
  4975 | D:6      | Found a snail-covered altar of Cheibriados.
  4975 | D:6      | Found a burning altar of Makhleb.
  4976 | D:6      | Found a stormy altar of Qazlal.
  5112 | D:6      | Found Zimaolanul's Jewellery Shoppe.
  5119 | D:6      | Bought an uncursed amulet of regeneration for 390 gold
                  | pieces
  5288 | D:7      | Found a large runed translucent door.
  5288 | D:7      | Found a large runed translucent door.
  5292 | D:7      | Found a large runed translucent door.
  5292 | D:7      | Found a large runed translucent door.
  5292 | D:7      | Found a staircase to the Ecumenical Temple.
  5293 | D:7      | Noticed a two-headed ogre
  5293 | D:7      | Noticed a kobold demonologist
  5342 | Temple   | Entered the Ecumenical Temple
  5641 | D:7      | Learned a level 1 spell: Confusing Touch
  5752 | D:7      | Noticed Prince Ribbit
  5765 | D:7      | Killed Prince Ribbit
  5765 | D:7      | Reached XP level 9. HP: 50/76 MP: 14/14
  6114 | D:7      | Learned a level 2 spell: Blink
  6118 | D:7      | Learned a level 3 spell: Mephitic Cloud
  6122 | D:7      | Learned a level 3 spell: Conjure Flame
  6514 | D:7      | Learned a level 2 spell: Slow
  6543 | D:7      | Reached skill level 5 in Maces & Flails
  6543 | D:7      | Reached skill level 5 in Armour
  6543 | D:7      | Reached skill level 5 in Evocations
  6884 | D:7      | Killed a kobold demonologist
  6884 | D:7      | Reached skill level 5 in Stealth
  6893 | D:7      | Killed a two-headed ogre
  6893 | D:7      | Reached skill level 5 in Invocations
  6974 | D:8      | Noticed a troll
  6974 | D:8      | Noticed a two-headed ogre
  7105 | D:8      | Learned a level 1 spell: Magic Dart
  7108 | D:8      | Reached XP level 10. HP: 84/84 MP: 11/17
  7153 | D:8      | Noticed a two-headed ogre
  7173 | D:8      | Killed a two-headed ogre
  7173 | D:8      | Reached skill level 5 in Short Blades
  7173 | D:8      | Reached skill level 5 in Long Blades
  7173 | D:8      | Reached skill level 5 in Axes
  7173 | D:8      | Reached skill level 5 in Polearms
  7173 | D:8      | Reached skill level 5 in Staves
  7173 | D:8      | Reached skill level 5 in Slings
  7173 | D:8      | Reached skill level 5 in Bows
  7173 | D:8      | Reached skill level 5 in Throwing
  7173 | D:8      | Reached skill level 5 in Dodging
  7173 | D:8      | Reached skill level 5 in Shields
  7173 | D:8      | Reached skill level 5 in Unarmed Combat
  7173 | D:8      | Reached skill level 5 in Spellcasting
  7277 | D:8      | Found Nacvypy's Jewellery Shop.
  7382 | D:8      | Killed a two-headed ogre
  7382 | D:8      | Reached skill level 10 in Fighting
  8285 | D:9      | Noticed a purple ugly thing
  8303 | D:9      | Killed a purple ugly thing
  8349 | D:9      | Found an iron altar of Okawaru.
  8355 | D:9      | Became a worshipper of Warmaster Okawaru
  8365 | D:9      | Found a runed translucent gate.
  8365 | D:9      | Noticed a kobold demonologist
  8370 | D:9      | Found a runed translucent gate.
  8370 | D:9      | Noticed a kobold demonologist
  8371 | D:9      | Found a runed translucent gate.
  8372 | D:9      | Noticed ptrx2's ghost (novice MiBe)
  8389 | D:9      | Identified the +1 short sword "Igej" {venom, rN+ Str+3
                  | Int-2 SInv}
  8389 | D:9      | Noticed a kobold demonologist
  8533 | D:9      | Found a staircase to the Lair.
  8660 | D:9      | Reached XP level 11. HP: 64/91 MP: 19/19
  8686 | D:9      | Reached * piety under Okawaru
  8980 | Lair:1   | Entered Level 1 of the Lair of Beasts
  9069 | Lair:1   | Slain by a komodo dragon

Levels and vault maps discovered:
D:1:      sevenhm_arrival_forest_fort_small_5, layout_rooms
D:2:      layout_basic, minmay_octomino_e4
D:3:      layout_rooms, gammafunk_ghost_stat_death, grunt_ministairs_8,
          columned_hall_lemuel, hex_intersection, minmay_gold_behind_fungi,
          minmay_misc_feat_tower
D:4:      layout_cave_pools, chequers_mini_garden
D:5:      layout_loops_ring, elyvilon_altar_5, ebering_ghost_rock_garden,
          first_ration, trog_hazing_becter
D:6:      layout_loops_ring, chequers_temple_overflow_statue_of_worship,
          serial_shops, shop, kennysheep_small_square
D:7:      layout_basic, minmay_temple_entry_overgrown, grunt_ogre_cave,
          dk_noncrumbling_4, minmay_hollow_rounded_squares, uniq_prince_ribbit1
D:8:      layout_basic, serial_shops, kennysheep_mini_moat
D:9:      layout_irregular_city, okawaru_metal_pillars_3, dpeg_oklobed_lair,
          gammafunk_ghost_nasty_kobolds
Temple:   bh_familiar_temple
Lair:1:   layout_gridlike, uniq_nergalle, uniq_gastronok

Skill      XL: |  1  2  3  4  5  6  7  8  9 10 |
---------------+-------------------------------+-----
Invocations    | 1 2 3 4 5 6 |  6.5
Short Blades   | 1 2 3 4 5 |  5.9
Long Blades    | 1 2 3 4 5 |  5.9
Axes           | 1 2 3 4 5 |  5.9
Polearms       | 1 2 3 4 5 |  5.9
Staves         | 1 2 3 4 5 |  5.9
Slings         | 1 2 3 4 5 |  5.9
Bows           | 1 2 3 4 5 |  5.9
Throwing       | 1 2 3 4 5 |  5.9
Dodging        | 1 2 3 4 5 |  5.9
Shields        | 1 2 3 4 5 |  5.9
Unarmed Combat | 1 2 3 4 5 |  5.9
Spellcasting   | 1 2 3 4 5 |  5.9
Conjurations   | 1 2 3 4 |  4.9
Hexes          | 1 2 3 4 |  4.9
Charms         | 1 2 3 4 |  4.9
Summonings     | 1 2 3 4 |  4.9
Necromancy     | 1 2 3 4 |  4.9
Translocations | 1 2 3 4 |  4.9
Transmutations | 1 2 3 4 |  4.9
Fire Magic     | 1 2 3 4 |  4.9
Ice Magic      | 1 2 3 4 |  4.9
Air Magic      | 1 2 3 4 |  4.9
Earth Magic    | 1 2 3 4 |  4.9
Poison Magic   | 1 2 3 4 |  4.9
Maces & Flails | 3 4 5 6 |  6.5
Armour         | 3 4 5 6 |  6.5
Evocations     | 3 4 5 6 |  6.5
Stealth        | 3 4 5 6 |  6.4
Crossbows      | 5 6 7 |  7.6
Fighting       | 9 10 | 10.3

Action                   |  1- 3 |  4- 6 |  7- 9 | 10-12 || total
-------------------------+-------+-------+-------+-------++-------
Melee: Unarmed           |       |   228 |    51 |       ||   279
       Bite              |       |    31 |    41 |    31 ||   103
       Punch             |       |     5 |     8 |       ||    13
       Rapier            |       |       |   340 |   248 ||   588
       Spear             |       |       |       |    36 ||    36
 Fire: Hand crossbow     |    65 |    59 |    27 |    21 ||   172
 Cast: Mephitic Cloud    |       |       |     7 |     8 ||    15
       Magic Dart        |       |       |     3 |    25 ||    28
       Confusing Touch   |       |       |     1 |     9 ||    10
       Conjure Flame     |       |       |       |     3 ||     3
Invok: Heroism           |       |       |       |     1 ||     1
Evoke: Wand              |       |       |     1 |       ||     1
  Use: Scroll            |     1 |     6 |     9 |     2 ||    18
       Potion            |       |     5 |       |     3 ||     8
 Stab: Sleeping          |       |     7 |     8 |     4 ||    19
       Confused          |       |       |     3 |    10 ||    13
       Distracted        |       |       |     1 |       ||     1
  Eat: Chunk             |       |     6 |     7 |     6 ||    19
       Ration            |       |       |     2 |     1 ||     3
Armor: Robe              |     2 |    49 |    74 |    42 ||   167
       Skin              |       |    24 |       |       ||    24
Dodge: Dodged            |    10 |   148 |   280 |   152 ||   590
Block: Buckler           |       |       |     6 |    73 ||    79

Table legend:
 A = Non-vault XP
 B = Vault XP
 C = Vault XP percentage of total XP
 D = Non-vault monster count
 E = Vault monster count
 F = Vault count percentage of total count
                 A         B        C        D         E       F
            +---------+---------+-------+---------+---------+-------
      Total |    8803 |    2085 |  19.1 |     210 |      29 |  12.1
            +---------+---------+-------+---------+---------+-------
        D:1 |      78 |       0 |   0.0 |      32 |       0 |   0.0
        D:2 |      56 |       3 |   5.1 |      13 |       2 |  13.3
        D:3 |     204 |       3 |   1.4 |      34 |       1 |   2.9
        D:4 |     313 |      19 |   5.7 |      14 |       3 |  17.6
        D:5 |     648 |     287 |  30.7 |      22 |       7 |  24.1
        D:6 |     275 |      11 |   3.8 |      11 |       1 |   8.3
        D:7 |     838 |    1762 |  67.8 |      24 |      15 |  38.5
        D:8 |    3056 |       0 |   0.0 |      23 |       0 |   0.0
        D:9 |    2435 |       0 |   0.0 |      31 |       0 |   0.0
     Temple |       2 |       0 |   0.0 |       1 |       0 |   0.0
     Lair:1 |     898 |       0 |   0.0 |       5 |       0 |   0.0
            +---------+---------+-------+---------+---------+-------
